[ PARTIDA AOE2 · #495234929 ]
UnrankedBengalíes vs Britons
Equipo del jugador · DERR
Equipo rival · VICT
[ ANÁLISIS DE REPETICIÓN · EXTRAÍDO DE LA PARTIDA GRABADA ]
Feudal
8:26
Castillos
20:54
Imperial
32:37
| APM promedio | 50.4 |
| APM pico | 95 |
| eAPM promedio | 31.3 |
| Aldeanos / militares | 183 / 268 |
Foco
⚔️ 32.1% · 🌾 67.9%
Skirmisher ×166 · Elephant Archer ×82 · Armored Elephant ×16 · Monk ×2 · Mangonel ×2
Feudal
11:21
Castillos
15:16
Imperial
29:24
| APM promedio | 53.8 |
| APM pico | 114 |
| eAPM promedio | 36.8 |
| Aldeanos / militares | 197 / 231 |
Foco
⚔️ 36.4% · 🌾 63.6%
Longbowman ×183 · Scout Cavalry ×28 · Trebuchet (Packed) ×13 · Monk ×3 · Scorpion ×3 · Battering Ram ×1
Mapa de la partida
Recursos iniciales + cada clic de construcción. Líneas = muros · curvas = relieve. ◆ oro · ⬟ piedra · ● bayas · ✦ reliquia · ◌ hueco del cierre
Tu base· ✓ Cerrada en 20:54 · 5t muro · 3 puerta(s)
Base de TRMA | The_Beatleman· ✓ Cerrada en 15:16 · 27t muro · 2 puerta(s)
Terreno inicial suavizado · ◌ = hueco del cierre detectado · pasá el cursor para detalles
Inputs por minuto
— [CL] Rey Enigmaaa - - TRMA | The_Beatleman
Build order — [CL] Rey Enigmaaa
Primeras 150 de 577 acciones detectadas
| 0:01 | Encolar | Villager (Male) |
| 0:01 | Encolar | Villager (Male) |
| 0:02 | Construir | House |
| 0:03 | Construir | House |
| 0:14 | Encolar | Villager (Male) |
| 0:33 | Encolar | Villager (Male) |
| 1:40 | Encolar | Villager (Male) |
| 1:40 | Encolar | Villager (Male) |
| 1:53 | Encolar | Villager (Male) |
| 2:28 | Encolar | Villager (Male) |
| 2:43 | Construir | Lumber Camp |
| 2:45 | Encolar | Villager (Male) |
| 2:45 | Encolar | Villager (Male) |
| 3:01 | Encolar | Villager (Male) |
| 3:29 | Construir | House |
| 3:31 | Construir | House |
| 3:36 | Encolar | Villager (Male) |
| 3:56 | Encolar | Villager (Male) |
| 4:30 | Encolar | Villager (Male) |
| 4:48 | Encolar | Villager (Male) |
| 5:06 | Encolar | Villager (Male) |
| 5:35 | Construir | Mill |
| 5:39 | Investigar | Loom |
| 5:39 | Investigar | Loom |
| 6:14 | Investigar | Feudal Age |
| 6:14 | Investigar | Feudal Age |
| 6:52 | Construir | Palisade Wall |
| 7:22 | Construir | Mining Camp |
| 7:40 | Encolar | Villager (Male) |
| 7:54 | Construir | House |
| 8:15 | Construir | Outpost |
| 8:26 | Edad | Edad Feudal |
| 8:31 | Construir | Watch Tower |
| 8:41 | Investigar | Double-Bit Axe |
| 8:41 | Investigar | Double-Bit Axe |
| 8:43 | Investigar | Town Watch |
| 9:01 | Encolar | Villager (Male) |
| 9:26 | Investigar | Horse Collar |
| 9:26 | Investigar | Horse Collar |
| 9:28 | Encolar | Villager (Male) |
| 9:45 | Construir | Farm |
| 9:47 | Encolar | Villager (Male) |
| 10:12 | Encolar | Villager (Male) |
| 10:13 | Construir | Farm |
| 10:30 | Construir | Farm |
| 10:39 | Encolar | Villager (Male) |
| 10:57 | Construir | Farm |
| 10:59 | Encolar | Villager (Male) |
| 11:15 | Encolar | Villager (Male) |
| 11:24 | Encolar | Villager (Male) |
| 11:57 | Construir | Farm |
| 12:03 | Construir | House |
| 12:03 | Construir | House |
| 12:13 | Encolar | Villager (Male) |
| 12:40 | Construir | Mining Camp |
| 12:47 | Investigar | Wheelbarrow |
| 12:54 | Construir | Stone Wall |
| 13:14 | Construir | Outpost |
| 13:35 | Encolar | Villager (Male) |
| 13:39 | Construir | Market |
| 14:31 | Encolar | Villager (Male) |
| 14:38 | Construir | Outpost |
| 14:55 | Construir | Watch Tower |
| 14:56 | Encolar | Villager (Male) |
| 15:16 | Encolar | Villager (Male) |
| 15:31 | Construir | Farm |
| 15:31 | Construir | Farm |
| 15:32 | Encolar | Villager (Male) |
| 15:35 | Construir | Blacksmith |
| 15:41 | Encolar | Villager (Male) |
| 15:45 | Construir | Palisade Wall |
| 15:55 | Construir | Palisade Gate |
| 16:06 | Encolar | Villager (Male) |
| 16:11 | Construir | Farm |
| 16:16 | Encolar | Villager (Male) |
| 16:20 | Encolar | Villager (Male) |
| 16:27 | Encolar | Villager (Male) |
| 16:31 | Encolar | Villager (Male) |
| 16:52 | Construir | Watch Tower |
| 16:59 | Encolar | Villager (Male) |
| 17:02 | Construir | House |
| 17:03 | Construir | House |
| 17:16 | Construir | Farm |
| 17:19 | Construir | Farm |
| 17:26 | Encolar | Villager (Male) |
| 17:30 | Encolar | Villager (Male) |
| 17:34 | Construir | Outpost |
| 18:00 | Construir | Stone Wall |
| 18:01 | Construir | Stone Wall |
| 18:14 | Investigar | Castle Age |
| 18:14 | Investigar | Castle Age |
| 18:48 | Investigar | Gold Mining |
| 18:49 | Investigar | Stone Mining |
| 18:49 | Investigar | Stone Mining |
| 18:58 | Construir | Lumber Camp |
| 19:13 | Construir | House |
| 20:00 | Encolar | Villager (Male) |
| 20:54 | Edad | Edad de los Castillos |
| 20:57 | Construir | Monastery |
| 21:01 | Construir | Town Center |
| 21:04 | Investigar | Bow Saw |
| 21:04 | Investigar | Bow Saw |
| 21:05 | Encolar | Villager (Male) |
| 21:11 | Construir | Town Center |
| 21:34 | Encolar | Villager (Male) |
| 21:40 | Encolar | Monk |
| 21:50 | Encolar | Villager (Male) |
| 22:19 | Encolar | Villager (Male) |
| 22:23 | Construir | Siege Workshop |
| 22:30 | Encolar | Monk |
| 22:32 | Encolar | Villager (Male) |
| 22:39 | Encolar | Villager (Male) |
| 22:53 | Encolar | Villager (Male) |
| 23:02 | Encolar | Mangonel |
| 23:03 | Encolar | Villager (Male) |
| 23:05 | Encolar | Villager (Male) |
| 23:07 | Encolar | Villager (Male) |
| 23:16 | Encolar | Villager (Male) |
| 23:18 | Construir | Town Center |
| 23:20 | Encolar | Villager (Male) |
| 23:25 | Encolar | Villager (Male) |
| 23:28 | Encolar | Mangonel |
| 23:31 | Encolar | Villager (Male) |
| 23:33 | Construir | Farm |
| 23:34 | Construir | Farm |
| 23:39 | Encolar | Villager (Male) |
| 23:51 | Construir | Farm |
| 23:51 | Encolar | Villager (Male) |
| 23:52 | Construir | Farm |
| 23:53 | Construir | Farm |
| 23:58 | Encolar | Villager (Male) |
| 24:01 | Construir | Outpost |
| 24:03 | Construir | Outpost |
| 24:04 | Construir | Outpost |
| 24:07 | Encolar | Villager (Male) |
| 24:12 | Encolar | Villager (Male) |
| 24:13 | Encolar | Villager (Male) |
| 24:14 | Encolar | Villager (Male) |
| 24:18 | Construir | Farm |
| 24:18 | Construir | Farm |
| 24:19 | Construir | Farm |
| 24:26 | Encolar | Villager (Male) |
| 24:32 | Encolar | Villager (Male) |
| 24:44 | Encolar | Villager (Male) |
| 24:49 | Construir | Farm |
| 24:49 | Construir | Farm |
| 24:49 | Construir | Farm |
| 24:49 | Construir | Farm |
| 24:50 | Encolar | Villager (Male) |
| 25:01 | Construir | Stone Wall |
Build order — TRMA | The_Beatleman
Primeras 150 de 569 acciones detectadas
| 0:00 | Encolar | Villager (Male) |
| 0:01 | Encolar | Villager (Male) |
| 0:02 | Construir | House |
| 0:02 | Construir | House |
| 0:06 | Encolar | Villager (Male) |
| 0:12 | Encolar | Villager (Male) |
| 1:18 | Encolar | Villager (Male) |
| 1:42 | Encolar | Villager (Male) |
| 1:46 | Construir | Lumber Camp |
| 1:56 | Encolar | Villager (Male) |
| 2:21 | Encolar | Villager (Male) |
| 2:35 | Encolar | Villager (Male) |
| 2:46 | Construir | Palisade Wall |
| 2:48 | Construir | Palisade Wall |
| 2:50 | Construir | Palisade Wall |
| 2:53 | Construir | Palisade Wall |
| 2:55 | Construir | Palisade Wall |
| 2:58 | Construir | Palisade Wall |
| 3:00 | Construir | Palisade Wall |
| 3:05 | Construir | Palisade Wall |
| 3:07 | Construir | Palisade Wall |
| 3:09 | Construir | Palisade Wall |
| 3:10 | Construir | Palisade Wall |
| 3:10 | Encolar | Villager (Male) |
| 3:18 | Encolar | Villager (Male) |
| 3:21 | Construir | Palisade Wall |
| 3:26 | Construir | Palisade Wall |
| 3:28 | Construir | Palisade Wall |
| 3:31 | Construir | Palisade Wall |
| 3:34 | Construir | Palisade Wall |
| 3:46 | Encolar | Villager (Male) |
| 3:49 | Construir | House |
| 3:58 | Encolar | Villager (Male) |
| 4:06 | Construir | House |
| 4:37 | Encolar | Villager (Male) |
| 4:38 | Construir | Mill |
| 4:59 | Encolar | Villager (Male) |
| 5:03 | Encolar | Villager (Male) |
| 5:46 | Encolar | Villager (Male) |
| 5:52 | Encolar | Villager (Male) |
| 5:59 | Encolar | Villager (Male) |
| 6:15 | Construir | Farm |
| 6:22 | Construir | Farm |
| 7:01 | Construir | Lumber Camp |
| 7:04 | Encolar | Villager (Male) |
| 7:47 | Encolar | Villager (Male) |
| 8:02 | Construir | House |
| 8:20 | Encolar | Villager (Male) |
| 8:23 | Construir | Farm |
| 8:39 | Investigar | Loom |
| 8:45 | Investigar | Feudal Age |
| 8:54 | Construir | Mining Camp |
| 9:05 | Encolar | Villager (Male) |
| 10:14 | Encolar | Villager (Male) |
| 10:14 | Encolar | Villager (Male) |
| 11:21 | Edad | Edad Feudal |
| 11:23 | Construir | Stone Wall |
| 11:35 | Construir | Market |
| 11:48 | Encolar | Villager (Male) |
| 12:01 | Encolar | Villager (Male) |
| 12:02 | Construir | Blacksmith |
| 12:05 | Construir | Farm |
| 12:30 | Investigar | Castle Age |
| 12:30 | Investigar | Castle Age |
| 12:37 | Construir | Stone Wall |
| 12:38 | Construir | Stone Wall |
| 12:39 | Construir | Stone Wall |
| 12:43 | Encolar | Villager (Male) |
| 13:05 | Construir | Stone Wall |
| 13:15 | Construir | House |
| 13:18 | Construir | House |
| 13:34 | Construir | House |
| 13:57 | Investigar | Double-Bit Axe |
| 13:58 | Investigar | Horse Collar |
| 15:16 | Edad | Edad de los Castillos |
| 15:21 | Construir | Siege Workshop |
| 15:28 | Investigar | Bow Saw |
| 15:42 | Encolar | Villager (Male) |
| 15:44 | Construir | Stone Wall |
| 15:49 | Encolar | Battering Ram |
| 15:50 | Encolar | Scorpion |
| 16:04 | Encolar | Villager (Male) |
| 16:15 | Encolar | Scorpion |
| 16:17 | Encolar | Villager (Male) |
| 16:50 | Construir | Town Center |
| 17:03 | Encolar | Scorpion |
| 17:27 | Construir | Farm |
| 17:28 | Construir | Farm |
| 17:28 | Construir | Farm |
| 17:28 | Construir | Farm |
| 17:39 | Encolar | Villager (Male) |
| 17:39 | Encolar | Villager (Male) |
| 17:42 | Construir | Farm |
| 17:42 | Construir | Farm |
| 17:42 | Construir | Farm |
| 17:55 | Construir | Farm |
| 17:55 | Construir | Farm |
| 17:55 | Construir | Farm |
| 17:57 | Encolar | Villager (Male) |
| 17:57 | Encolar | Villager (Male) |
| 18:05 | Construir | Farm |
| 18:05 | Construir | Farm |
| 18:15 | Encolar | Villager (Male) |
| 18:20 | Construir | Farm |
| 18:39 | Construir | Farm |
| 18:40 | Encolar | Villager (Male) |
| 18:43 | Construir | Farm |
| 18:54 | Encolar | Villager (Male) |
| 19:14 | Construir | Gate |
| 19:22 | Encolar | Villager (Male) |
| 19:23 | Encolar | Villager (Male) |
| 19:26 | Construir | Town Center |
| 19:27 | Encolar | Villager (Male) |
| 19:36 | Encolar | Villager (Male) |
| 19:46 | Encolar | Villager (Male) |
| 19:58 | Encolar | Villager (Male) |
| 20:04 | Encolar | Villager (Male) |
| 20:14 | Construir | Farm |
| 20:15 | Construir | Farm |
| 20:15 | Construir | Farm |
| 20:15 | Encolar | Villager (Male) |
| 20:16 | Encolar | Villager (Male) |
| 20:24 | Encolar | Villager (Male) |
| 20:32 | Encolar | Villager (Male) |
| 20:34 | Encolar | Villager (Male) |
| 20:34 | Encolar | Villager (Male) |
| 20:36 | Construir | Farm |
| 20:39 | Encolar | Villager (Male) |
| 20:43 | Construir | Farm |
| 20:46 | Encolar | Villager (Male) |
| 20:52 | Encolar | Villager (Male) |
| 20:59 | Construir | Farm |
| 21:08 | Construir | Farm |
| 21:08 | Encolar | Villager (Male) |
| 21:09 | Encolar | Villager (Male) |
| 21:13 | Encolar | Villager (Male) |
| 21:14 | Encolar | Villager (Male) |
| 21:19 | Construir | House |
| 21:20 | Construir | House |
| 21:20 | Construir | House |
| 21:21 | Encolar | Villager (Male) |
| 21:21 | Encolar | Villager (Male) |
| 21:32 | Construir | Farm |
| 21:32 | Encolar | Villager (Male) |
| 21:34 | Encolar | Villager (Male) |
| 21:45 | Construir | Farm |
| 21:47 | Construir | Farm |
| 21:47 | Encolar | Villager (Male) |
| 21:52 | Encolar | Villager (Male) |
| 21:57 | Construir | House |
Cronología de la partida
| 2:46 | TRMA | The_Beatleman · wall_segment Palisade Wall x1 |
| 2:48 | TRMA | The_Beatleman · wall_segment Palisade Wall x1 |
| 2:50 | TRMA | The_Beatleman · wall_segment Palisade Wall x1 |
| 2:53 | TRMA | The_Beatleman · wall_segment Palisade Wall x1 |
| 2:55 | TRMA | The_Beatleman · wall_segment Palisade Wall x1 |
| 2:58 | TRMA | The_Beatleman · wall_segment Palisade Wall x1 |
| 3:00 | TRMA | The_Beatleman · wall_segment Palisade Wall x1 |
| 3:05 | TRMA | The_Beatleman · wall_segment Palisade Wall x1 |
| 3:07 | TRMA | The_Beatleman · wall_segment Palisade Wall x1 |
| 3:09 | TRMA | The_Beatleman · wall_segment Palisade Wall x1 |
| 3:10 | TRMA | The_Beatleman · wall_segment Palisade Wall x1 |
| 3:21 | TRMA | The_Beatleman · wall_segment Palisade Wall x1 |
| 3:26 | TRMA | The_Beatleman · wall_segment Palisade Wall x1 |
| 3:28 | TRMA | The_Beatleman · wall_segment Palisade Wall x1 |
| 3:31 | TRMA | The_Beatleman · wall_segment Palisade Wall x1 |
| 3:34 | TRMA | The_Beatleman · wall_segment Palisade Wall x1 |
| 6:52 | [CL] Rey Enigmaaa · wall_segment Palisade Wall x1 |
| 8:26 | [CL] Rey Enigmaaa · age_up feudal |
| 11:21 | TRMA | The_Beatleman · age_up feudal |
| 11:23 | TRMA | The_Beatleman · wall_segment Stone Wall x4 |
| 12:37 | TRMA | The_Beatleman · wall_segment Stone Wall x1 |
| 12:38 | TRMA | The_Beatleman · wall_segment Stone Wall x1 |
| 12:39 | TRMA | The_Beatleman · wall_segment Stone Wall x4 |
| 12:54 | [CL] Rey Enigmaaa · wall_segment Stone Wall x1 |
| 13:05 | TRMA | The_Beatleman · wall_segment Stone Wall x2 |
| 15:16 | TRMA | The_Beatleman · age_up castle |
| 15:21 | TRMA | The_Beatleman · first_building Siege Workshop |
| 15:44 | TRMA | The_Beatleman · wall_segment Stone Wall x1 |
| 15:45 | [CL] Rey Enigmaaa · wall_segment Palisade Wall x1 |
| 17:22 | [CL] Rey Enigmaaa · first_market_buy 100 food |
| 17:23 | [CL] Rey Enigmaaa · first_market_sell 100 wood |
| 17:39 | TRMA | The_Beatleman · first_market_buy 100 food |
| 18:00 | [CL] Rey Enigmaaa · wall_segment Stone Wall x1 |
| 18:01 | [CL] Rey Enigmaaa · wall_segment Stone Wall x1 |
| 20:54 | [CL] Rey Enigmaaa · age_up castle |
| 20:57 | [CL] Rey Enigmaaa · first_building Monastery |
| 22:23 | [CL] Rey Enigmaaa · first_building Siege Workshop |
| 25:01 | [CL] Rey Enigmaaa · wall_segment Stone Wall x1 |
| 27:23 | [CL] Rey Enigmaaa · wall_segment Stone Wall x1 |
| 27:24 | [CL] Rey Enigmaaa · wall_segment Stone Wall x1 |
| 27:45 | TRMA | The_Beatleman · first_building Castle |
| 28:28 | [CL] Rey Enigmaaa · first_building Castle |
| 28:39 | [CL] Rey Enigmaaa · wall_segment Stone Wall x1 |
| 28:40 | [CL] Rey Enigmaaa · wall_segment Stone Wall x1 |
| 29:24 | TRMA | The_Beatleman · age_up imperial |
| 29:43 | TRMA | The_Beatleman · first_market_sell 100 food |
| 29:56 | [CL] Rey Enigmaaa · first_building Barracks |
| 30:50 | [CL] Rey Enigmaaa · first_building Archery Range |
| 32:24 | [CL] Rey Enigmaaa · first_building Stable |
| 32:37 | [CL] Rey Enigmaaa · age_up imperial |
| 41:04 | [CL] Rey Enigmaaa · wall_segment Stone Wall x1 |
| 41:29 | TRMA | The_Beatleman · first_building Monastery |
| 45:51 | TRMA | The_Beatleman · first_building Barracks |
| 46:17 | TRMA | The_Beatleman · first_building Stable |
| 48:12 | [CL] Rey Enigmaaa · resign |
[ ANÁLISIS IA · 1 CRÉDITO ]
¿Qué pasó realmente en esta partida?
Wolo.gg analiza cada decisión: build order, eco, micro, errores típicos por bracket. Análisis personalizado por WhatsApp o Discord en 30 segundos.
Guía civ
Bengalíes
Perfil
Jugador #4706179